 Dungeon Crawl Stone Soup version 0.29-a0-341-g24ffce5b50 (webtiles) character file.

Game seed: 10856436348613314883

2 spaghetti the Caller (level 1, -2/15 HPs)
             Began as a Naga Summoner on Apr 20, 2022.
             Slain by a kobold
             ... wielding a +0 dagger
              (3 damage)
             ... on level 1 of the Dungeon.
             The game lasted 00:00:42 (49 turns).

spaghetti the Caller (Naga Summoner)                  Turns: 49, Time: 00:00:43

Health: -2/15      AC:  1    Str: 10    XL:     1   Next: 40%
Magic:  2/3        EV:  9    Int: 15    God:
Gold:   36         SH:  0    Dex: 11    Spells: 3/4 levels left

rFire   . . .      SeeInvis +   c - +0 club {mace}
rCold   . . .      Faith    .   (no shield)
rNeg    . . .      Spirit   .   a - +0 robe
rPois   +          Reflect  .   (no helmet)
rElec   .          Harm     .   (no cloak)
rCorr   .          Rampage  .   (no gloves)
Will    .....                   (no barding)
Stlth   ++........              (no amulet)
HPRegen 0.05/turn               (no ring)
MPRegen 0.08/turn               (no ring)

@: very slow
A: AC +0, large, see invisible, deformed body, poison resistance, slowness 2,
spit poison 1, naga tail 1
a: Spit Poison


You were on level 1 of the Dungeon.
You visited 1 branch of the dungeon, and saw 1 of its levels.

You collected 36 gold pieces.


Innate Abilities, Weirdness & Mutations

Your serpentine skin is tough. (AC +0)
You have supernaturally acute eyesight. (SInv)
Armour fits poorly on your strangely shaped body.
Your system is resistant to poisons. (rPois)
You cover ground very slowly.
You can spit poison.
You have a snake-like lower body.


   Skills:
 - Level 1.5 Dodging
 - Level 3.0 Stealth
 - Level 2.0 Spellcasting
 - Level 4.0 Summonings
 + Level 0.8 Air Magic


You had 3 spell levels left.
You knew the following spells:

 Your Spells              Type           Power      Damage    Failure   Level
a - Summon Small Mammal   Summ           52%        N/A       4%          1

Your spell library contained the following spells:

 Spells                   Type           Power      Damage    Failure   Level
 Call Imp                 Summ           13%        N/A       6%          2
 Call Canine Familiar     Summ           13%        N/A       13%         3
 Summon Guardian Golem    Hex/Summ       7%         N/A       28%         3
 Summon Lightning Spire   Summ/Air       8%         N/A       63%         4

Inventory:

Hand Weapons
 c - a +0 club (weapon) {mace}
   (You found it on level 1 of the Dungeon)
Armour
 a - a +0 robe (worn)
Scrolls
 d - 2 scrolls of fog
Potions
 b - a potion of magic

Dungeon Overview and Level Annotations

Branches:
Dungeon (1/15)

Altars:

#........... #..=.......
. #.........#
..#......)..#
.......)....#
#.........# #....§g...##
######lK§b..##########
#....§§@r..###.......##
#....§§§§b.##.........##
#..######..#.....8.....#
#.............8..8..8...
#...######.#...........#
#. ...##....<....## #
..######.......## #..
######### ##


You could see a goblin, a bat (ally target), a kobold, a frilled lizard, a
friendly bat (summoned) and a friendly rat (summoned).


Message History

Your bat hits the kobold.
A goblin comes into view. It is wielding a +0 dagger.
A kobold comes into view. It is wielding a +0 dagger.
Okay, then.
Aiming: Spit Poison (3% risk of failure)
Press: ? - help, Shift-Dir - straight line, f - kobold
Aim: a kobold, wielding a +0 club (moderately wounded, ally target, 43% to hit)
The splash of poison hits the kobold.
The kobold is poisoned.
Your bat hits the kobold but does no damage.
A giant cockroach comes into view.
The kobold misses your bat.
A frilled lizard comes into view.
Your bat misses the kobold.
The kobold hits your bat but does no damage.
A kobold comes into view. It is wielding a +0 dagger.
Your rat closely misses the kobold.
The bat hits you but does no damage.
Your bat closely misses the kobold.
The kobold closely misses your bat.
Your rat barely misses the kobold.
The bat hits you. 😕 HP[-1]
You take 1 damage, and now have 14/15 hp.
Really attack while wielding nothing? [Y]es or [N]o only, please.
Really attack while wielding nothing?
You closely miss the bat. Your bat hits the kobold.
The kobold dies!
The bat closely misses you. The goblin closely misses your bat.
Okay, then.
c - a +0 club (weapon)
{mace} You have got your breath back.
Aiming: Spit Poison (3% risk of failure)
Press: ? - help, Shift-Dir - straight line, f - bat
Aim: a bat (ally target, 35% to hit)
The splash of poison misses the bat.
The bat hits you but does no damage.
The giant cockroach barely misses your bat.
You closely miss the bat. The bat closely misses you. The bat hits your rat.
Your bat closely misses the bat.
The bat barely misses your bat.
Your bat hits the bat but does no damage.
Your rat bites the bat.
You completely miss the bat.
You have got your breath back.
The bat hits you.
Your bat hits the bat but does no damage.
The giant cockroach bites you but does no damage.
The frilled lizard bites you. The giant cockroach barely misses you.
The bat barely misses you. The frilled lizard bites you. 😮 HP[-3]
You take 3 damage, and now have 11/15 hp.
Unknown command.
Aiming: Spit Poison (3% risk of failure)
Press: ? - help, Shift-Dir - straight line, f - giant cockroach, p - bat
Aim: a giant cockroach (53% to hit)
The splash of poison hits the giant cockroach!
The giant cockroach is poisoned.
You kill the giant cockroach!
The bat barely misses you. The kobold hits you with a +0 dagger.
The frilled lizard bites you. 😮 HP[-2] MP[+1]
You take 2 damage, and now have 9/15 hp.
Okay, then.
Okay, then.
You barely miss the kobold. The bat closely misses your rat.
Your bat closely misses the bat.
Your bat hits the bat. The kobold hits you with a +0 dagger.
The frilled lizard bites you.
* * * LOW HITPOINT WARNING * * *
The kobold misses you. The bat misses your bat.
Your rat barely misses the kobold. 😨 HP[-3]
You take 3 damage, and now have 6/15 hp.
Unknown command.
Unknown command.
You closely miss the kobold. The bat barely misses your bat.
The kobold misses you. The frilled lizard closely misses you.
The kobold barely misses you.
Your rat bites the kobold. 😨 HP[+1] Unknown command.
You miss the kobold.
You have got your breath back.
Your bat misses the kobold. The kobold hits you with a +0 dagger.
* * * LOW HITPOINT WARNING * * *
The frilled lizard closely misses you. The kobold hits you with a +0 dagger.
* * * LOW HITPOINT WARNING * * *
Your rat bites the kobold but does no damage.
Your bat barely misses the kobold.
The kobold hits you with a +0 dagger.
* * * LOW HITPOINT WARNING * * *
The kobold barely misses you.
The frilled lizard bites you but does no damage. 😱 HP[-6]
You take 6 damage, and now have 1/15 hp.
MASSIVE DAMAGE!! (PAUSE)
Okay, then.
As you read the scroll labelled FOER GOSUCO, it crumbles to dust.
The scroll dissolves into smoke.
It was a scroll of fog.
Your bat hits the kobold but does no damage.
The bat hits your bat.
Your bat closely misses the bat.
Your rat bites the kobold.
The kobold dies!
The frilled lizard bites you but does no damage.
The kobold hits you with a +0 dagger.
You die...

Action                   || total
-------------------------++-------
Melee: Club              ||     5
       Unarmed           ||     1
 Cast: Summon Small Mamm ||     2
 Abil: Spit Poison       ||     3
  Use: Scroll            ||     1
Armor: Robe              ||     5
Dodge: Dodged            ||    11

Levels and vault maps discovered:
D:1:      dreamdust_arrival_beginning_and_end, layout_basic

Notes
Turn   | Place    | Note
-------+----------+-------------------------------------------
     0 | D:1      | spaghetti the Naga Summoner began the quest for the Orb.
     0 | D:1      | Reached XP level 1. HP: 15/15 MP: 3/3
     0 | D:1      | magus.rc [v1.9.6]
    48 | D:1      | HP: 1/15 [kobold/+0 dagger (3)]
    49 | D:1      | Slain by a kobold

Vanquished Creatures
  A giant cockroach (D:1)
1 creature vanquished.

Vanquished Creatures (collateral kills)
  2 kobolds (D:1)
2 creatures vanquished.

Grand Total: 3 creatures vanquished

Table legend:
 A = Non-vault XP
 B = Vault XP
 C = Vault XP percentage of total XP
 D = Non-vault monster count
 E = Vault monster count
 F = Vault count percentage of total count
                 A         B        C        D         E       F
            +---------+---------+-------+---------+---------+-------
      Total |       6 |       0 |   0.0 |       3 |       0 |   0.0
            +---------+---------+-------+---------+---------+-------
        D:1 |       6 |       0 |   0.0 |       3 |       0 |   0.0
            +---------+---------+-------+---------+---------+-------

Illustrated notes

Table legend:
 A = Kills in this place as a percentage of kills in entire the game.
 B = Kills by you in this place as a percentage of kills by you in the entire game.
 C = Kills by friends in this place as a percentage of kills by friends in the entire game.
 D = Other kills in this place as a percentage of other kills in the entire game.
 E = Experience gained in this place as a percentage of experience gained in the entire game.
 F = Experience gained in this place divided by the number of levels of this place that you have seen.
                   A       B       C       D       E      F
               +-------+-------+-------+-------+-------+----------------------
         Total | 100.0 | 100.0 | 100.0 |   N/A | 100.0 |   6.0
       Dungeon | 100.0 | 100.0 | 100.0 |   N/A | 100.0 |   6.0
               +-------+-------+-------+-------+-------+----------------------

Table legend: (Time is in decaauts)
 A = Elapsed time spent in this place.
 B = Non-inter-level travel time spent in this place.
 C = Inter-level travel time spent in this place.
 D = Time resting spent in this place.
 E = Time spent auto-exploring this place.
 F = Levels seen in this place.
 G = Mean time per level.
                   A        B        C        D        E       F      G
               +--------+--------+--------+--------+--------+-----+--------+
         Total |     62 |     62 |      0 |      0 |     42 |   1 |   62.0 |
       Dungeon |     62 |     62 |      0 |      0 |     42 |   1 |   62.0 |
               +--------+--------+--------+--------+--------+-----+--------+

Top non-repeatable levels by time:
     D:1: 62 daAuts
